 Dungeon Crawl Stone Soup version 0.30.1-11-g7821555f0a (webtiles) character file.

Game seed: 7565032815885131614

3291 ChrisAssaf the Cutter (level 10, -3/74 HPs)
             Began as a Human Brigand on Oct 30, 2023.
             Was a Priest of Ru.
             Slain by a two-headed ogre
             ... wielding a +0 giant club
              (13 damage)
             ... on level 9 of the Dungeon.
             The game lasted 00:28:48 (8339 turns).

ChrisAssaf the Cutter (Human Brigand)               Turns: 8339, Time: 00:28:48

Health: -3/74      AC: 10    Str: 12    XL:     10   Next: 20%
Magic:  15/15      EV:  7    Int: 20    God:    Ru [***...]
Gold:   388        SH:  0    Dex: 17    Spells: 16/16 levels left

rFire   . . .        t - +2 rapier of Reinforcement {freeze, rElec rC- Int+4 SInv}
rCold   x . .        (no shield)
rNeg    . . .        j - +0 chain mail "Jom Moih" {rElec Will- Regen+ Dex+3}
rPois   .            (no helmet)
rElec   +            c - +0 cloak
rCorr   +            (no gloves)
SInv    +            (no boots)
Will    .....        (no amulet)
Stlth   +            k - ring of willpower
HPRegen 1.12/turn    n - ring of resist corrosion
MPRegen 0.14/turn

%: no passive effects
@: no status effects
A: hated by all, inability to train armour, talons 1, shaggy fur 1, wild magic 1
a: Renounce Religion, Draw Out Power


You were on level 9 of the Dungeon.
You worshipped Ru.
Ru was most pleased with you.
You visited 2 branches of the dungeon, and saw 10 of its levels.

You collected 388 gold pieces.

Inventory:

Hand Weapons
 m - the +1 trident "Vukuq" {heavy, rCorr Str+4}
   (You found it on level 3 of the Dungeon)

   Str:       It affects your strength (+4).
   rCorr:     It protects you from acid and corrosion.
 t - the +2 rapier of Reinforcement (weapon) {freeze, rElec rC- Int+4 SInv}
   (You took it off a hobgoblin on level 4 of the Dungeon)

   Int:       It affects your intelligence (+4).
   rC:        It makes you vulnerable to cold.
   rElec:     It insulates you from electricity.
   SInv:      It lets you see invisible.
Missiles
 b - 6 javelins
 d - 4 poisoned darts (quivered)
 e - 4 curare-tipped darts
Armour
 c - a +0 cloak (worn)
 j - the +0 chain mail "Jom Moih" (worn) {rElec Will- Regen+ Dex+3}
   (You found it on level 3 of the Dungeon)

   Dex:       It affects your dexterity (+3).
   rElec:     It insulates you from electricity.
   Regen:     It increases your rate of health regeneration.
   Will:      It decreases your willpower.
Jewellery
 k - a ring of willpower (left hand)
 n - a ring of resist corrosion (right hand)
 q - a +4 ring of slaying
 H - a ring of see invisible
 I - a ring of poison resistance
Wands
 o - a wand of mindburst (11)
 s - a wand of iceblast (1)
 v - a wand of polymorph (4)
Scrolls
 g - 2 scrolls of amnesia
 i - 4 scrolls of enchant weapon
 l - a scroll of teleportation
 u - a scroll of immolation
 x - 2 scrolls of fog
 y - a scroll of noise
 z - a scroll of enchant armour
 E - a scroll of blinking
Potions
 a - 3 potions of curing
 f - a potion of heal wounds {unknown}
 h - 3 potions of degeneration
 p - a potion of brilliance {unknown}
 r - 3 potions of mutation
 w - a potion of lignification {unknown}
 A - a potion of resistance {unknown}
 B - a potion of berserk rage {unknown}
 C - a potion of haste
 G - a potion of cancellation {unknown}


   Skills:
 * Level 5.1 Fighting
 * Level 7.1(7.2) Short Blades
 - Level 1.3(4.7) Long Blades
 - Level 2.3 Polearms
 * Level 4.9 Throwing
 * Level 4.1 Dodging
 * Level 6.5 Stealth
 * Level 3.5 Spellcasting
 * Level 3.3 Evocations


You had 16 spell levels left.
You didn't know any spells.
Your spell library contained the following spells:

 Spells                   Type           Power      Damage    Failure   Level
 Apportation              Tloc           8%         N/A       99%         1
 Beastly Appendage        Tmut           8%         N/A       99%         1
 Necrotise                Necr           16%        1d4       99%         1
 Slow                     Hex            16%        N/A       99%         1
 Wereblood                Tmut           4%         N/A       100%        2
 Confusing Touch          Hex            4%         N/A       100%        3
 Ozocubu's Armour         Ice            4%         N/A       100%        3
 Spider Form              Tmut/Pois      4%         N/A       100%        3
 Vampiric Draining        Necr           4%         2d6       100%        3
 Ozocubu's Refrigeration  Ice            2%         4d7       100%        7
 Summon Small Mammal      Summ           Unusable   N/A       N/A         1

Dungeon Overview and Level Annotations

Branches:
Dungeon (9/15)             Temple (1/1) D:6
   Lair: D:8-11         Orc: D:9-12

Altars:
Ashenzari
Cheibriados
Dithmenos
Elyvilon
Gozag
Kikubaaqudgha
Makhleb
Nemelex Xobeh
Ru
Trog
Uskayaw
Vehumet
Wu Jian
Xom
Zin
The Shining One


Innate Abilities, Weirdness & Mutations

You are hated by all.
You cannot train Armour skill.
You have sharp toenails.
You are covered in fur. (AC +1)
Your spells are a little harder to cast, but a little more powerful.


Message History

The two-headed ogre resists with significant effort.
You hit the two-headed ogre. You freeze the two-headed ogre.
You claw the two-headed ogre.
The two-headed ogre is moderately wounded.
The two-headed ogre hits you with a +0 giant club!
The two-headed ogre hits you with a +0 giant club.
Throw: 6 darts (poison)
Press: ? - help, Q - select action, (/) - cycle Shift-Dir - straight line, f/p - two-headed ogre
Aim: a two-headed ogre, wielding two +0 giant clubs (moderately wounded, very poisoned, 77% to hit)
You throw a poisoned dart.
The poisoned dart hits the two-headed ogre!
The two-headed ogre looks as sick as possible!
The two-headed ogre is moderately wounded.
You see here 4 stones.
The two-headed ogre hits you with a +0 giant club. x2
The two-headed ogre attacks as you move away!
The two-headed ogre hits you with a +0 giant club!
The two-headed ogre barely misses you.
Aiming: Mindburst
Press: ? - help, Shift-Dir - straight line, f/p - two-headed ogre
Aim: a two-headed ogre, wielding two +0 giant clubs (heavily wounded, very poisoned, chance to affect: 62%)
The two-headed ogre's minds are blasted!!
The two-headed ogre attacks as you move away!
The two-headed ogre barely misses you.
The two-headed ogre hits you with a +0 giant club!
The two-headed ogre attacks as you move away!
The two-headed ogre hits you with a +0 giant club!
The two-headed ogre hits you with a +0 giant club!!
* * * LOW HITPOINT WARNING * * *
You see here a +0 dagger.
Throw: 5 darts (poison)
Press: ? - help, Q - select action, (/) - cycle Shift-Dir - straight line, f/p - two-headed ogre
Aim: a two-headed ogre, wielding two +0 giant clubs (almost dead, very poisoned, 77% to hit)
You throw a poisoned dart.
The poisoned dart hits the two-headed ogre.
The two-headed ogre looks even sicker.
The two-headed ogre is almost dead.
The two-headed ogre attacks as you move away!
The two-headed ogre hits you with a +0 giant club!
You die...

#.# #.# #.# #.#
######## #.#
(...(..# #.#
######.# #.#
#(###########.#
#........(O@..#
###############


You could see a two-headed ogre (very poisoned).

Vanquished Creatures
  4 yaks (D:9)
  A steam dragon (D:7)
  A wraith (D:9)
  A water moccasin (D:7)
  2 black bears (D:4)
  An ice beast (D:7)
  2 sky beasts
  An ogre (D:6)
  2 phantoms
  A kobold brigand (D:7)
  2 bullfrogs
  2 scorpions
  8 killer bees
  5 howler monkeys
  2 jellies (D:4)
  An orc priest (D:8)
  4 hounds
  2 sleepcaps
  Jessica (D:3)
  3 iguanas
  A gnoll bouda (D:7)
  5 orc wizards
  8 gnolls
  5 adders
  2 ufetubi
  4 dart slugs
  35 orcs
  5 ball pythons
  8 endoplasms
  3 giant cockroaches
  6 goblins
  7 hobgoblins
  A quokka (D:3)
  6 bats
  4 frilled lizards
  15 kobolds
  8 rats
169 creatures vanquished.

Vanquished Creatures (others)
  A hobgoblin (D:1)
1 creature vanquished.

Grand Total: 170 creatures vanquished

Notes
Turn   | Place    | Note
-------+----------+-------------------------------------------
     0 | D:1      | ChrisAssaf the Human Brigand began the quest for the Orb.
     0 | D:1      | Reached XP level 1. HP: 16/16 MP: 1/1
   220 | D:1      | Reached XP level 2. HP: 22/22 MP: 2/2
   706 | D:2      | Reached XP level 3. HP: 27/27 MP: 3/3
   813 | D:3      | Identified the +0 chain mail "Jom Moih" {rElec Will- Regen+
                  | Dex+3}
   866 | D:3      | Identified the +1 trident "Vukuq" {heavy, rCorr Str+4}
  1532 | D:3      | Reached XP level 4. HP: 33/33 MP: 3/5
  1538 | D:3      | Noticed Jessica
  1542 | D:3      | Killed Jessica
  1543 | D:3      | Reached skill level 1 in Armour
  1670 | D:4      | Reached skill level 1 in Spellcasting
  1670 | D:4      | Reached XP level 5. HP: 12/39 MP: 6/6
  1816 | D:4      | Reached skill level 1 in Polearms
  1846 | D:4      | Reached XP level 6. HP: 34/46 MP: 7/7
  1865 | D:4      | Reached skill level 1 in Long Blades
  1865 | D:4      | Reached skill level 5 in Stealth
  1940 | D:4      | Noticed a black bear
  1941 | D:4      | Noticed a black bear
  1957 | D:4      | Killed a black bear
  1958 | D:4      | Identified the +2 rapier of Reinforcement {freeze, rElec
                  | rC- Int+4 SInv}
  2051 | D:4      | Found a bloodstained altar of Trog.
  2087 | D:4      | Killed a black bear
  2088 | D:4      | Reached XP level 7. HP: 44/51 MP: 9/9
  2415 | D:5      | Entered Level 5 of the Dungeon
  2415 | D:5      | Found a glowing silver altar of Zin.
  3018 | D:5      | Reached skill level 1 in Evocations
  3018 | D:5      | Reached XP level 8. HP: 56/58 MP: 10/10
  3026 | D:5      | Reached skill level 3 in Short Blades
  3443 | D:6      | Found a staircase to the Ecumenical Temple.
  3514 | Temple   | Entered the Ecumenical Temple
  3547 | Temple   | Became a worshipper of Ru the Awakened
  5559 | D:1      | Gained mutation: You cannot train Armour skill. [Ru
                  | sacrifice]
  5559 | D:1      | Reached * piety under Ru
  6373 | D:7      | Reached skill level 4 in Short Blades
  6456 | D:7      | Reached XP level 9. HP: 14/65 MP: 12/12
  6876 | D:7      | Gained mutation: You are covered in fur. (AC +1) [potion of
                  | mutation]
  6876 | D:7      | Gained mutation: You have sharp toenails. [potion of
                  | mutation]
  6876 | D:7      | Gained mutation: Your spells are a little harder to cast,
                  | but a little more powerful. [potion of mutation]
  7000 | D:7      | Reached skill level 5 in Short Blades
  7141 | D:7      | Found a shadowy altar of Dithmenos.
  7147 | D:7      | Found a hazy altar of Hepliaklqana.
  7585 | D:8      | Reached skill level 6 in Short Blades
  8065 | D:9      | Reached XP level 10. HP: 70/73 MP: 14/14
  8135 | D:9      | Reached skill level 5 in Fighting
  8178 | D:9      | Reached skill level 7 in Short Blades
  8214 | D:9      | Found an ornate altar of the Wu Jian Council.
  8231 | D:9      | Found a broken altar of Ashenzari.
  8235 | D:9      | Found an ancient bone altar of Kikubaaqudgha.
  8237 | D:9      | Found a white marble altar of Elyvilon.
  8245 | D:9      | Found a burning altar of Makhleb.
  8264 | D:9      | Gained mutation: You are hated by all. [Ru sacrifice]
  8264 | D:9      | Reached ** piety under Ru
  8264 | D:9      | Reached *** piety under Ru
  8313 | D:9      | Noticed a two-headed ogre
  8339 | D:9      | Slain by a two-headed ogre

Illustrated notes

Levels and vault maps discovered:
D:1:      minmay_arrival_stair_chambers, layout_loops_ring
D:2:      layout_loops_corners, chequers_serial_rivers_micro_e,
          serial_bayou_pond_d, kennysheep_generic_room_12
D:3:      layout_basic, uniq_jessica
D:4:      nicolae_cairo_tiling_very_big, layout_cave_pools,
          trog_ov_bears_minmay, minmay_cut_off
D:5:      minmay_angry_zag, layout_basic, mainiacjoe_overflow_catwalk,
          kennysheep_generic_room_3
D:6:      layout_layer_cave, minmay_temple_entry_mist
D:7:      layout_loops_cross, riverfiend_overflow_shadow_ancestor
D:8:      layout_loops_ring
D:9:      layout_loops_ring, old_standard_altar,
          nicolae_overflow_hallway_of_the_gods, david_lair_shrubbed,
          small_statue_intersection, uniq_grum
Temple:   nicolae_temple_cloud_nine

Skill      XL: |  1  2  3  4  5  6  7  8  9 10 |
---------------+-------------------------------+-----
Armour         | 1 2 3 0 |  0.0
Spellcasting   | 1 2 3 |  3.5
Polearms       | 1 2 |  2.3
Long Blades    | 1 |  1.3
Stealth        | 5 6 |  6.5
Dodging        | 2 3 4 |  4.1
Throwing       | 3 4 |  4.9
Fighting       | 3 4 5 |  5.1
Evocations     | 1 2 3 |  3.3
Short Blades   | 4 6 7 |  7.1

Action                     |  1- 3 |  4- 6 |  7- 9 | 10-12 || total
---------------------------+-------+-------+-------+-------++-------
  Melee: Dagger            |    60 |       |       |       ||    60
         Trident           |    19 |    59 |    13 |       ||    91
         Punch             |       |     1 |     5 |       ||     6
         Rapier            |       |       |   325 |    59 ||   384
         Kick              |       |       |    22 |    23 ||    45
  Throw: Dart              |    15 |    11 |    76 |    10 ||   112
 Invoke: Sacrifice Durabil |       |       |     1 |       ||     1
         Sacrifice Love    |       |       |       |     1 ||     1
  Evoke: Wand              |       |       |    12 |     2 ||    14
    Use: Scroll            |     2 |     3 |    13 |     1 ||    19
         Potion            |     1 |       |     2 |     1 ||     4
   Stab: Sleeping          |     9 |       |       |       ||     9
 Armour: Robe              |     6 |       |       |       ||     6
         Chain mail        |    23 |    77 |   229 |    11 ||   340
  Dodge: Dodged            |    37 |    53 |   137 |    22 ||   249
